 Dungeon Crawl Stone Soup version 0.27.1 (webtiles) character file.

Game seed: 8242706061897381157

53 Destapler the Skirmisher (level 3, -10/31 HPs)
             Began as a Palentonga Abyssal Knight on Aug 28, 2021.
             Was a Follower of Lugonu.
             Killed by divine providence
             ... invoked by an orc priest
              (15 damage)
             ... on level 3 of the Dungeon.
             The game lasted 00:05:47 (2914 turns).

Destapler the Skirmisher (PaAK)                     Turns: 2914, Time: 00:05:47

Health: -10/31     AC:  4    Str: 15    XL:     3   Next: 64%
Magic:  4/4        EV:  9    Int: 12    God:    Lugonu [*.....]
Gold:   134        SH:  0    Dex: 10    Spells: 2/2 levels left

rFire    . . .     SeeInvis +   a - +1 falchion
rCold    . . .     Faith    .   (no shield)
rNeg     . . .     Spirit   .   b - +0 leather armour
rPois    .         Reflect  .   (no helmet)
rElec    .         Harm     .   (no cloak)
rCorr    .         Rampage  .   (no gloves)
Will     .....                  (no barding)
Stlth    +.........             (no amulet)
HPRegen  0.10/turn              (no ring)
MPRegen  0.09/turn              (no ring)

@: no status effects
A: large, rugged brown scales 3, see invisible, deformed body, roll 1, armoured
tail
a: Rolling Charge, Renounce Religion, Depart the Abyss


You were on level 3 of the Dungeon.
You worshipped Lugonu.
Lugonu was aware of your devotion.
You visited 1 branch of the dungeon, and saw 3 of its levels.
You visited the Abyss 1 time.

You collected 134 gold pieces.

Inventory:

Hand Weapons
 a - a +1 falchion (weapon)
Missiles
 i - 12 poisoned darts
Armour
 b - a +0 leather armour (worn)
Jewellery
 h - a ring of fire
 q - a ring of protection from fire
Scrolls
 c - a scroll of teleportation {unknown}
 f - 2 scrolls of immolation {unknown}
 j - a scroll of enchant armour {unknown}
 l - a scroll of summoning {unknown}
 n - 2 scrolls of identify {unknown}
 o - a scroll of fog {unknown}
 p - a scroll of enchant weapon {unknown}
Potions
 d - a potion of curing {unknown}
 e - 2 potions of flight {unknown}
 g - a potion of magic {unknown}
 k - 2 potions of degeneration {unknown}
 r - a potion of might {unknown}


   Skills:
 + Level 3.3 Fighting
 + Level 2.5 Long Blades
 + Level 2.0 Armour
 + Level 1.4 Dodging
 + Level 2.6 Invocations


You had 2 spell levels left.
You didn't know any spells.
Your spell library was empty.

Dungeon Overview and Level Annotations

Branches:
Dungeon (3/15)

Altars:

Annotations:
D:3 Terence


Innate Abilities, Weirdness & Mutations

You are completely covered in rugged brown scales. (AC +3, +7% HP)
You have supernaturally acute eyesight. (SInv)
Armour fits poorly on your strangely shaped body.
You can roll at nearby foes to attack.
You have a long armoured tail.


Message History

Terence completely misses you.
You riposte.
You closely miss Terence.
The orc priest looks satisfied for a moment.
You closely miss Terence. Terence hits you but does no damage.
You barely miss Terence. Terence hits you with a +0 short sword.
* * * LOW HITPOINT WARNING * * *
You hit Terence but do no damage.
Your tail-slap misses Terence.
Terence hits you with a +0 short sword.
* * * LOW HITPOINT WARNING * * *
You are too injured to fight recklessly!
You are too injured to fight recklessly!
You are too injured to fight recklessly!
You are too injured to fight recklessly!
You are too injured to fight recklessly!
You are too injured to fight recklessly!
You are too injured to fight recklessly!
You are too injured to fight recklessly!
You are too injured to fight recklessly!
You are too injured to fight recklessly!
You are too injured to fight recklessly!
You are too injured to fight recklessly!
You are too injured to fight recklessly!
You hit Terence but do no damage. Terence barely misses you.
You riposte.
You hit Terence but do no damage. You hit Terence.
Terence is lightly wounded.
Terence closely misses you.
You hit Terence.
Terence is lightly wounded.
Terence completely misses you.
You riposte.
You hit Terence.
Terence is moderately wounded.
Terence hits you but does no damage.
You hit Terence but do no damage.
Your tail-slap misses Terence.
Terence is moderately wounded.
Terence says, "Don't bother to defend, it's senseless."
Terence hits you but does no damage.
You hit Terence but do no damage.
Terence is moderately wounded.
The orc priest invokes the aid of Beogh against you.
Beogh smites you!
You die...

#... .... .... . #...
..#.#.# .......#############
#..........@@o......
##.....#####o......###
####......#.........##
..#######..#....#........##
.
#.....#......#............#
..###
#.....#...............#
.>..####.#..#..#...........#
##..###.##.##.##....o.(...#
#.......##.# ..#..........#


You could see Terence, an orc priest and an orc.

Vanquished Creatures
  An adder (D:3)
  3 orcs (D:3)
  3 ball pythons
  4 endoplasms (D:2)
  4 giant cockroaches (D:2)
  3 goblins (D:2)
  2 hobgoblins (D:2)
  4 kobolds
  3 quokkas (D:2)
  2 bats (D:2)
  3 frilled lizards
  5 rats
37 creatures vanquished.

Notes
Turn   | Place    | Note
-------+----------+-------------------------------------------
     0 | Abyss:1  | Destapler the Palentonga Abyssal Knight began the quest for
                  | the Orb.
     0 | Abyss:1  | Reached XP level 1. HP: 19/19 MP: 2/2
    99 | Abyss:3  | Noticed a quasit
   111 | Abyss:3  | Noticed a tentacled starspawn
   112 | D:1      | Escaped the Abyss
   928 | D:1      | Found a faded altar of an unknown god.
  1410 | D:1      | Reached skill level 1 in Dodging
  1536 | D:2      | Reached XP level 2. HP: 25/25 MP: 3/3
  1554 | D:2      | Reached * piety under Lugonu
  1995 | D:2      | Reached XP level 3. HP: 31/31 MP: 4/4
  2446 | D:3      | Noticed Terence
  2914 | D:3      | Killed from afar by an orc priest

Illustrated notes

Levels and vault maps discovered:
D:1:      dpeg_arrival_rhombi, layout_basic, shapermc_ecumenical_altar_petra
D:2:      layout_basic
D:3:      layout_rooms, lemuel_doored_altar, minmay_puff, uniq_terence

Skill      XL: |  1  2  3 |
---------------+----------+-----
Dodging        | 1 |  1.4
Armour         | 2 |  2.0
Fighting       | |  3.3
Long Blades    | |  2.5
Invocations    | |  2.6

Action                   || total
-------------------------++-------
Melee: Falchion          ||   115
       Tailslap          ||     6
Invok: Depart the Abyss  ||     1
 Abil: Rolling Charge    ||    31
  Use: Potion            ||     1
       Scroll            ||     1
Armor: Leather armour    ||    45
Dodge: Dodged            ||    65
       Rpst.: Falchion   ||    18
